 Dungeon Crawl Stone Soup version 0.29.1-15-g9cfb28693d (webtiles) character file.

Game seed: 10668709042352445672

777 Gustavia the Chopper (level 7, 0/75 HPs)
             Began as an Ogre Cinder Acolyte on Mar 21, 2023.
             Was an Initiate of Ignis.
             Succumbed to their own poison gas
             ... on level 5 of the Dungeon.
             The game lasted 00:21:10 (4614 turns).

Gustavia the Chopper (Ogre Cinder Acolyte)          Turns: 4614, Time: 00:21:10

Health: 0/75       AC:  5    Str: 21    XL:     7   Next: 84%
Magic:  8/8        EV:  9    Int: 15    God:    Ignis [......]
Gold:   224        SH:  0    Dex:  4    Spells: 8/8 levels left

rFire   + + .      SeeInvis .   a - -1 hand axe (flame)
rCold   + . .      Faith    .   (no shield)
rNeg    . . .      Spirit   .   c - +2 robe {rC+ rF+}
rPois   .          Reflect  .   (helmet restricted)
rElec   .          Harm     .   (no cloak)
rCorr   .          Rampage  .   (gloves unavailable)
Will    +....                   (boots unavailable)
Stlth   +.........              (no amulet)
HPRegen 0.22/turn               i - ring of willpower
MPRegen 0.11/turn               (no ring)

@: lethally poisoned (0 -> -6)
A: large, unfitting armour, tough skin 1
a: Renounce Religion, Rising Flame


You were on level 5 of the Dungeon.
You worshipped Ignis.
Ignis was noncommittal.
You visited 1 branch of the dungeon, and saw 5 of its levels.

You collected 224 gold pieces.

Inventory:

Hand Weapons
 a - a -1 hand axe of flaming (weapon)
Armour
 c - a +2 robe of resistance (worn)
Jewellery
 i - a ring of willpower (left hand)
Wands
 b - a wand of charming (2)
 f - a wand of flame (37)
 k - a wand of iceblast (10)
Scrolls
 d - a scroll of poison
 e - a scroll of magic mapping
 j - 3 scrolls of enchant armour
Potions
 g - a potion of attraction


   Skills:
 + Level 6.3 Fighting
 + Level 6.7 Axes
 + Level 3.1 Dodging
 + Level 1.5 Stealth
 + Level 1.2 Spellcasting
 + Level 3.0 Fire Magic


You had 8 spell levels left.
You didn't know any spells.
Your spell library contained the following spells:

 Spells                   Type           Power      Damage    Failure   Level
 Scorch                   Fire           20%        2d6       11%         2
 Apportation              Tloc           0%         N/A       24%         1
 Necrotise                Necr           0%         1d4       24%         1
 Summon Small Mammal      Summ           0%         N/A       24%         1
 Call Canine Familiar     Summ           0%         N/A       58%         3
 Ozocubu's Armour         Ice            0%         N/A       58%         3
 Portal Projectile        Hex/Tloc       0%         N/A       58%         3
 Leda's Liquefaction      Hex/Erth       0%         N/A       94%         4
 Metabolic Englaciation   Hex/Ice        0%         N/A       100%        5
 Simulacrum               Ice/Necr       0%         N/A       100%        6


Dungeon Overview and Level Annotations

Branches:
Dungeon (5/15)
 Temple: D:4-7

Altars:
Ashenzari
Elyvilon


Innate Abilities, Weirdness & Mutations

You are too large for most types of armour.
You have tough skin. (AC +1)


Message History

You hit the gnoll bouda but do no damage.
The gnoll closely misses you. The gnoll completely misses you.
The gnoll bouda hits you with a +0 whip.
You hit the gnoll. You burn the gnoll.
The gnoll is almost dead.
You closely miss the gnoll bouda. The gnoll hits you with a +0 flail.
The gnoll hits you from afar with a +0 spear.
The gnoll bouda hits you with a +0 whip.
You barely miss the gnoll.
The gnoll is almost dead.
You hit the gnoll bouda but do no damage.
Your attacks no longer feel as feeble.
The gnoll hits you with a +0 flail!
The gnoll hits you from afar with a +0 spear.
* * * LOW HITPOINT WARNING * * *
You completely miss the gnoll.
The gnoll is almost dead.
You hit the gnoll bouda. You burn the gnoll bouda.
The gnoll hits you from afar with a +0 spear.
* * * LOW HITPOINT WARNING * * *
Really read the scroll of poison?
The air fills with toxic fumes!
As you read the scroll of poison, it crumbles to dust.
The gnoll hits you with a +0 flail!
* * * LOW HITPOINT WARNING * * *
The gnoll hits you from afar with a +0 spear.
* * * LOW HITPOINT WARNING * * *
Okay, then.
Blink to where?
Press: ? - help, Dir - move target Really blink into that cloud of poison gas?
Found a fuming coppery potion.
Found an escape hatch in the floor.
As you read the scroll of blinking, it crumbles to dust.
You are engulfed in poison gas.
You are lethally poisoned!
* * * LOW HITPOINT WARNING * * *
x2 You feel very sick.
* * * LOW HITPOINT WARNING * * *
You feel sick.
You die...

##.... ...... #...#
#....# #... #.....###
#..###
.......###...(#
......#.§...# .
#...#.§§§.#
#...#.@.#§§§§g###
#........§§§§ggg§#
.#...!...§§#§§#§g####
...#...##.##..##...)#
.. ###. #.##..##....#
# #. #..####....## #.
....##.....# ..
>.........##
..#.#...##.# ###


You could see 2 gnolls.

Vanquished Creatures
  An ogre (D:5)
  A necrophage (D:4)
  3 scorpions
  7 hounds
  2 gnoll boudas
  10 gnolls
  2 adders (D:2)
  A shadow imp (D:5)
  A dart slug (D:2)
  3 orcs (D:4)
  6 ball pythons
  8 endoplasms
  2 giant cockroaches
  14 goblins
  7 hobgoblins
  3 jackals (D:1)
  A quokka (D:1)
  6 bats
  2 frilled lizards
  4 kobolds
  3 rats
87 creatures vanquished.

Vanquished Creatures (others)
  53 foxfires
53 creatures vanquished.

Grand Total: 140 creatures vanquished

Notes
Turn   | Place    | Note
-------+----------+-------------------------------------------
     0 | D:1      | Gustavia the Ogre Cinder Acolyte began the quest for the
                  | Orb.
     0 | D:1      | Reached XP level 1. HP: 24/24 MP: 2/2
   350 | D:1      | Reached XP level 2. HP: 29/32 MP: 3/3
   798 | D:1      | Reached XP level 3. HP: 39/39 MP: 4/4
  1444 | D:2      | Found a faded altar of an unknown god.
  1457 | D:2      | Reached XP level 4. HP: 49/49 MP: 5/5
  2268 | D:3      | Found a broken altar of Ashenzari.
  2278 | D:3      | Found a white marble altar of Elyvilon.
  2965 | D:4      | Noticed a scorpion
  2977 | D:4      | Killed a scorpion
  2978 | D:4      | Reached skill level 1 in Dodging
  2978 | D:4      | Reached XP level 5. HP: 53/55 MP: 6/6
  3038 | D:4      | Reached skill level 5 in Fighting
  3070 | D:4      | Reached skill level 5 in Axes
  3144 | D:4      | Reached XP level 6. HP: 56/66 MP: 7/7
  3722 | D:4      | Reached skill level 1 in Stealth
  3873 | D:5      | Entered Level 5 of the Dungeon
  3885 | D:5      | Reached XP level 7. HP: 73/74 MP: 8/8
  4613 | D:5      | HP: 2/75 [poisoned by you (poison gas)]
  4614 | D:5      | Succumbed to their own poison gas

Illustrated notes

Levels and vault maps discovered:
D:1:      elethiomel_arrival_quiet, layout_basic
D:2:      layout_loops_ring, ebering_ecumenical_altar_sacrificial
D:3:      layout_loops_ring, mainiacjoe_overflow_big_doors
D:4:      layout_loops_cross, st_stairs_6
D:5:      layout_cave_pools, serial_gnoll_camp, gnoll_camp_medium_01,
          gnoll_camp_mini_basic, gnoll_camp_mini_loothouse, gnoll_camp_mini_hut,
          uniq_sigmund

Skill      XL: |  1  2  3  4  5  6  7 |
---------------+----------------------+-----
Fire Magic     | 3 |  3.0
Axes           | 4 5 6 |  6.7
Dodging        | 1 2 3 |  3.1
Fighting       | 5 6 |  6.3
Stealth        | 1 |  1.5
Spellcasting   | |  1.2

Action                   |  1- 3 |  4- 6 |  7- 9 || total
-------------------------+-------+-------+-------++-------
Melee: Hand axe          |    81 |   118 |    62 ||   261
Invok: Fiery Armour      |     1 |     5 |     1 ||     7
       Foxfire Swarm     |       |     2 |     2 ||     4
  Use: Scroll            |     3 |     3 |     4 ||    10
       Potion            |       |     5 |       ||     5
 Stab: Sleeping          |       |     1 |     1 ||     2
Armor: Robe              |    30 |    58 |    21 ||   109
Dodge: Dodged            |    55 |    43 |    30 ||   128
